 Dungeon Crawl Stone Soup version 0.27-a0-869-g165b36e3f0 (webtiles) character file.

Game seed: 10439866924698074449

133 rageheart7 the Skirmisher (level 4, -2/38 HPs)
             Began as a Demonspawn Abyssal Knight on Apr 2, 2021.
             Was a Follower of Lugonu.
             Slain by a mummy (12 damage)
             ... in an ossuary.
             The game lasted 00:03:11 (3609 turns).

rageheart7 the Skirmisher (DsAK)                    Turns: 3609, Time: 00:03:12

Health: -2/38      AC:  6    Str: 19    XL:     4   Next: 94%
Magic:  5/5        EV: 11    Int: 17    God:    Lugonu [*.....]
Gold:   109        SH:  0    Dex: 12    Spells: 3/3 levels left

rFire    . . .     SeeInvis .   a - +1 mace
rCold    . . .     Faith    .   (no shield)
rNeg     . . .     Spirit   .   b - +0 leather armour
rPois    +         Reflect  .   d - +2 hat {Int+3}
rElec    .         Harm     .   (no cloak)
rCorr    .         Rampage  .   (no gloves)
Will     .....                  j - +0 pair of boots
Stlth    +.........             (no amulet)
HPRegen  0.12/turn              i - +6 ring of strength
MPRegen  0.09/turn              n - ring of poison resistance

@: no status effects
A: powered by death 2
a: Renounce Religion, Depart the Abyss


You were in an ossuary.
You worshipped Lugonu.
Lugonu was aware of your devotion.
You visited 1 branch of the dungeon, and saw 4 of its levels.
You visited the Abyss 1 time.
You also visited: Ossuary.

You collected 109 gold pieces.

Inventory:

Hand Weapons
 a - a +1 mace (weapon)
Missiles
 l - 6 boomerangs of dispersal
Armour
 b - a +0 leather armour (worn)
 d - a +2 hat of intelligence (worn)
 j - a +0 pair of boots (worn)
Jewellery
 i - a +6 ring of strength (left hand)
 k - a ring of fire
 n - a ring of poison resistance (right hand)
Potions
 c - a potion of might {unknown}
 g - 2 potions of magic {unknown}
 h - a potion of curing {unknown}
 m - a potion of resistance {unknown}
 o - a potion of flight {unknown}


   Skills:
 * Level 4.5 Fighting
 * Level 3.5 Maces & Flails
 - Level 1.7 Armour
 - Level 0.8 Dodging
 - Level 2.4 Invocations


You had 3 spell levels left.
You didn't know any spells.
Your spell library was empty.

Dungeon Overview and Level Annotations

Branches:
Dungeon (4/15)            Ossuary (1/1)
 Temple: D:4-7

Altars:
Makhleb
Nemelex Xobeh


Innate Abilities, Weirdness & Mutations

You regenerate health from kills.


Message History

Found a stone staircase leading down.
Found a stone staircase leading down.
There is a stone staircase leading down here.
You open the door.
Found 15 gold pieces.
Found 10 stones.
There is an open door here.
Found a mace.
You now have 109 gold pieces (gained 15).
Found a jewelled gold wand.
Found a sand-covered staircase.
You see here a +0 mace.
There is a sand-covered staircase here.
The world spins around you as you enter the gateway.
You enter an ossuary!
Found a gate leading back out of this place.
There is an empty arch of ancient stone here.
You open the door.
A mummy comes into view.
There is an open door here.
A mummy comes into view.
Something unseen opens the door.
A mummy comes into view.
A mummy comes into view.
A mummy opens the door.
You hit the mummy.
The mummy is lightly damaged.
You hit the mummy.
The mummy is moderately damaged.
The mummy misses you. The mummy barely misses you. The mummy hits you!
You hit the mummy.
The mummy is heavily damaged.
The mummy misses you. The mummy barely misses you. The mummy hits you.
A mummy comes into view.
The mummy hits you!
You hit the mummy.
The mummy is severely damaged.
The mummy hits you!
* * * LOW HITPOINT WARNING * * *
The mummy hits you!
You die...

## ## # #. .#
+#+#'#+#M#M###
..M....M.@M'.#
+##+##'##M###
#...#.'.
#.∩.#.###
#∩..#.+
#####.# .+ .#


You could see 6 mummies.

Vanquished Creatures
  A hound (D:3)
  Terence (D:3)
  3 adders
  A white imp (D:3)
  2 worms
  A dart slug (D:1)
  5 bats
  2 endoplasms (D:1)
  2 giant cockroaches (D:3)
  A goblin (D:1)
  7 hobgoblins
  2 jackals (D:1)
  5 ball pythons (D:1)
  2 frilled lizards
  3 kobolds
  3 rats
41 creatures vanquished.

Vanquished Creatures (others)
  A withered plant (Ossuary)
1 creature vanquished.

Grand Total: 42 creatures vanquished

Notes
Turn   | Place    | Note
-------+----------+-------------------------------------------
     0 | Abyss:1  | rageheart7 the Demonspawn Abyssal Knight began the quest
                  | for the Orb.
     0 | Abyss:1  | Reached XP level 1. HP: 18/18 MP: 2/2
    27 | Abyss:1  | Found a corrupted altar of Lugonu.
    50 | Abyss:1  | Noticed a large abomination
    51 | D:1      | Escaped the Abyss
   443 | D:1      | Reached * piety under Lugonu
   581 | D:1      | Gained mutation: You regenerate a little health from kills.
                  | [demonic ancestry]
   581 | D:1      | Reached XP level 2. HP: 12/24 MP: 3/3
  1695 | D:2      | Found a sparkling altar of Nemelex Xobeh.
  1730 | D:2      | Reached XP level 3. HP: 18/30 MP: 4/4
  2580 | D:3      | Identified a scroll of acquirement
  2580 | D:3      | Acquired a +1 hat of intelligence
  2622 | D:3      | Reached skill level 4 in Fighting
  2740 | D:3      | Noticed Terence
  2764 | D:3      | Killed Terence
  2765 | D:3      | Gained mutation: You regenerate health from kills. [demonic
                  | ancestry]
  2765 | D:3      | Reached XP level 4. HP: 23/37 MP: 5/5
  2815 | D:3      | Found a faded altar of an unknown god.
  3320 | D:3      | Found a burning altar of Makhleb.
  3591 | D:4      | Found a sand-covered staircase.
  3600 | Ossuary  | Entered an ossuary
  3609 | Ossuary  | Slain by a mummy

Illustrated notes

Levels and vault maps discovered:
D:1:      lightli_arrival_farm, layout_basic
D:2:      layout_basic, basic_altar
D:3:      layout_loops_ring, lemuel_doored_altar, ebering_ecumenical_altar_box,
          uniq_terence
D:4:      layout_gridville, portal_sewer_entry_c, nicolae_ossuary_entry_monument
Ossuary:  ossuary_zaba_flooded

Skill      XL: |  1  2  3 |
---------------+----------+-----
Maces & Flails | 2 3 |  3.5
Fighting       | 4 |  4.5
Armour         | |  1.7
Dodging        | |  0.8
Invocations    | |  2.4

Action                   |  1- 3 |  4- 6 || total
-------------------------+-------+-------++-------
Melee: Mace              |   124 |    50 ||   174
Invok: Depart the Abyss  |     1 |       ||     1
  Use: Scroll            |     5 |     2 ||     7
 Stab: Sleeping          |     1 |       ||     1
Armor: Leather armour    |    33 |    24 ||    57
Dodge: Dodged            |    88 |    30 ||   118

Table legend: (Time is in decaauts)
 A = Elapsed time spent in this place.
 B = Non-inter-level travel time spent in this place.
 C = Inter-level travel time spent in this place.
 D = Time resting spent in this place.
 E = Time spent auto-exploring this place.
 F = Levels seen in this place.
 G = Mean time per level.
                   A        B        C        D        E       F      G
               +--------+--------+--------+--------+--------+-----+--------+
         Total |   3687 |   3649 |     38 |      0 |   3172 |   6 |  614.5 |
       Dungeon |   3626 |   3588 |     38 |      0 |   3121 |   4 |  906.5 |
         Abyss |     51 |     51 |      0 |      0 |     49 |   1 |   51.0 |
       Ossuary |      9 |      9 |      0 |      0 |      2 |   1 |    9.0 |
               +--------+--------+--------+--------+--------+-----+--------+

Top non-repeatable levels by time:
     D:1: 1646 daAuts
     D:3: 994 daAuts
     D:2: 942 daAuts
 Abyss:1: 51 daAuts
     D:4: 43 daAuts
 Ossuary: 9 daAuts
